 Dungeon Crawl Stone Soup version 0.21.1-1-g345015fe64 (webtiles) character file.

12450 Hercules1031 the Blocker (level 11, -12/91 HPs)
             Began as a Gnoll Fighter on June 21, 2018.
             Was a Follower of Ashenzari.
             Mangled by a large slime creature (22 damage)
             ... on level 9 of the Dungeon.
             The game lasted 00:41:48 (10825 turns).

Hercules1031 the Blocker (Gnoll Fighter)           Turns: 10825, Time: 00:41:49

Health: -12/91     AC: 28    Str: 22    XL:     11   Next: 93%
Magic:  0/29       EV: 10    Int: 10    God:    Ashenzari [*.....]
Gold:   199        SH: 12    Dex: 15    Spells: 8/23 levels left

rFire    . . .     SeeInvis +   r - +2 mace (protect) (curse)
rCold    . . .     Gourm    .   c - +0 shield (curse)
rNeg     . . .     Faith    .   k - +0 plate armour
rPois    .         Spirit   +   g - +2 helmet (curse)
rElec    .         Reflect  .   z - +0 cloak
rCorr    .         Harm     .   j - +0 pair of gloves (curse)
MR       .....                  (no boots)
Stlth    ..........             v - amulet of guardian spirit
HPRegen  0.25/turn              B - ring of magical power
MPRegen  0.21/turn              u - ring of see invisible

@: protection aura
A: distributed training, fangs 1, rugged brown scales 1, screaming 1, sturdy
frame 1, strong nose
a: Curse Item, Scrying, Renounce Religion


You were on level 9 of the Dungeon.
You worshipped Ashenzari.
Ashenzari was aware of your devotion.
You were not hungry.

You visited 2 branches of the dungeon, and saw 10 of its levels.

You collected 439 gold pieces.
You spent 240 gold pieces at shops.

Inventory:

Hand Weapons
 a - the cursed +3 mace of the Red Skies {venom, rElec rF+ Dex+6}
   (You bought it in a shop on level 9 of the Dungeon)

   It poisons the flesh of those it strikes.
   It affects your dexterity (+6).
   It protects you from fire.
   It insulates you from electricity.
   It has a curse placed upon it.
 n - a +2 great sword of flaming
 r - a cursed +2 mace of protection (weapon)
Missiles
 w - 4 tomahawks of returning (quivered)
Armour
 c - a cursed +0 shield (worn)
 g - a cursed +2 helmet (worn)
 j - a cursed +0 pair of gloves (worn)
 k - a +0 plate armour (worn)
 o - a +3 scale mail
 z - a +0 cloak (worn)
Jewellery
 u - a ring of see invisible (right hand)
 v - an amulet of guardian spirit (around neck)
 B - a ring of magical power (left hand)
Wands
 b - a wand of clouds (5)
 e - a wand of paralysis (17)
 h - a wand of random effects (29)
 p - a wand of flame (14)
 t - a wand of enslavement (46)
Scrolls
 d - 2 scrolls of fear
 f - 5 scrolls of identify
 l - a scroll of amnesia
 m - a scroll of teleportation
Potions
 A - 2 potions of invisibility
Books
 i - a book of Changes

   Spells                             Type                      Level
   a - Beastly Appendage              Transmutation                1
   b - Sticks to Snakes               Transmutation                2
   c - Spider Form                    Transmutation/Poison         3
   d - Ice Form                       Ice/Transmutation            4
   e - Blade Hands                    Transmutation                5
 q - Ucrakil's Reference Book on Venom and the Frostbite
   (You found it on level 8 of the Dungeon)

   Spells                             Type                      Level
   a - Sting                          Conjuration/Poison           1
   b - Freeze                         Ice                          1
   c - Ensorcelled Hibernation        Hexes/Ice                    2
   d - Summon Ice Beast               Ice/Summoning                4
   e - Metabolic Englaciation         Hexes/Ice                    5
   f - Bolt of Cold                   Conjuration/Ice              6
 x - a book of Minor Magic

   Spells                             Type                      Level
   a - Magic Dart                     Conjuration                  1
   b - Blink                          Translocation                2
   c - Call Imp                       Summoning                    2
   d - Slow                           Hexes                        2
   e - Conjure Flame                  Conjuration/Fire             3
   f - Mephitic Cloud                 Conjuration/Poison/Air       3
 y - a book of Minor Magic

   Spells                             Type                      Level
   a - Magic Dart                     Conjuration                  1
   b - Blink                          Translocation                2
   c - Call Imp                       Summoning                    2
   d - Slow                           Hexes                        2
   e - Conjure Flame                  Conjuration/Fire             3
   f - Mephitic Cloud                 Conjuration/Poison/Air       3
Comestibles
 s - 5 rations


   Skills:
 + Level 9.4 Fighting
 + Level 6.6 Short Blades
 + Level 6.6 Long Blades
 + Level 8.1 Axes
 + Level 6.6 Maces & Flails
 + Level 6.6 Polearms
 + Level 6.6 Staves
 + Level 6.6 Slings
 + Level 6.6 Bows
 + Level 6.6 Crossbows
 + Level 6.6 Throwing
 + Level 9.4 Armour
 + Level 6.6 Dodging
 + Level 6.6 Stealth
 + Level 9.4 Shields
 + Level 6.6 Unarmed Combat
 + Level 6.6 Spellcasting
 + Level 5.5 Conjurations
 + Level 5.5 Hexes
 + Level 5.5 Charms
 + Level 5.5 Summonings
 + Level 5.5 Necromancy
 + Level 5.5 Translocations
 + Level 5.5 Transmutations
 + Level 5.5 Fire Magic
 + Level 5.5 Ice Magic
 + Level 5.5 Air Magic
 + Level 5.5 Earth Magic
 + Level 5.5 Poison Magic
 + Level 7.3 Invocations
 + Level 6.6 Evocations


You had 8 spell levels left.
You knew the following spells:

 Your Spells              Type           Power        Failure   Level  Hunger
a - Sting                 Conj/Pois      ##..         32%         1    None
b - Freeze                Ice            ##..         32%         1    None
c - Summon Ice Beast      Ice/Summ       ##......     97%         4    ####...
d - Bolt of Cold          Conj/Ice       ##........   100%        6    #######
e - Magic Dart            Conj           ##..         32%         1    None
f - Blink                 Tloc           N/A          45%         2    ##.....


Dungeon Overview and Level Annotations

Branches:
Dungeon (9/15)             Temple (1/1) D:7            Lair (0/6) D:9
    Orc: D:9-12

Altars:
Ashenzari
Cheibriados
Dithmenos
Elyvilon
Fedhas
Gozag
Hepliaklqana
Kikubaaqudgha
Makhleb
Nemelex Xobeh
Okawaru
Qazlal
Ru
Sif Muna
Trog
Uskayaw
Vehumet
Wu Jian
Xom
Yredelemnul
Zin
The Shining One
Lugonu

Shops:
D:9 (


Innate Abilities, Weirdness & Mutations

Your experience applies equally to all skills.
You have very sharp teeth.
Your uncanny sense of smell can sniff out nearby items.
You are partially covered in rugged brown scales. (AC +1, +3% HP)
You occasionally shout uncontrollably at your foes.
Your movements are slightly less encumbered by armour. (ER -2)


Message History

You bump into the rock wall.
A very large slime creature splits.
You feel less confused.
The swamp drake breathes noxious fumes at you.
The noxious blast engulfs the large slime creature.
The large slime creature appears unharmed.
The slime creature barely misses you.
Unknown command.
Unknown command.
Unknown command.
You hit the large slime creature.
Your weapon exudes an aura of protection.
The large slime creature is moderately wounded.
You are engulfed in noxious fumes.
* * * LOW HITPOINT WARNING * * *
You block the large slime creature's attack.
You block the slime creature's attack.
You sock the large slime creature!
The large slime creature is moderately wounded.
The large slime creature hits you!!
You die...

######### #........ #####
###############........
....####.....[.....#..k.>..%..
....'..#...........#.#........
....##.#.........J.#.#ยง.....(.
....##.'........@J.'.#....r...
....####.........k.###........
....# #...........# #........
....# #...........# ######.##
##### ########...## .#
####...#### .#
#.........#########.####
#.........##<..........#
#......<..##...........#


You could see a large slime creature, a slime creature and a swamp drake.

Vanquished Creatures
  A fire giant (D:8)
  2 two-headed ogres
  3 death yaks (D:9)
  Pikel (D:9)
  2 deep elf magi (D:9)
  Maurice (D:8)
  A kobold demonologist (D:8)
  A tengu conjurer (D:8)
  A troll (D:8)
  Prince Ribbit (D:8)
  3 hippogriffs
  Sigmund (D:4)
  2 hungry ghosts
  Grum (D:8)
  Menkaure (D:6)
  A water moccasin (D:6)
  A porcupine (D:9)
  An orc warrior (D:9)
  A sky beast (D:7)
  5 ice beasts
  6 ogres
  A phantom (D:8)
  2 wolves (D:8)
  A crocodile (D:9)
  A centaur (D:6)
  Blork the orc (D:4)
  A gnoll sergeant (D:9)
  6 bullfrogs
  A scorpion (D:6)
  6 killer bees (D:9)
  4 howler monkeys
  4 crimson imps
  3 bullfrog zombies
  2 quasits (D:7)
  An iron imp (D:9)
  5 hounds
  6 jellies
  A centaur skeleton (D:7)
  7 orc priests
  A bullfrog skeleton (D:5)
  6 iguanas
  6 orc wizards
  A hell rat (D:9)
  3 worker ants
  A hound zombie (D:8)
  3 hound skeletons
  A howler monkey zombie (D:5)
  Robin (D:4)
  A howler monkey skeleton (D:6)
  8 adders
  6 gnolls
  2 shadow imps
  A white imp (D:9)
  7 oozes
  An adder skeleton (D:4)
  An adder zombie (D:7)
  2 worms (D:2)
  2 dart slugs
  6 leopard geckos
  36 orcs
  A giant cockroach (D:2)
  12 goblins
  10 hobgoblins
  9 jackals
  14 kobolds
  3 quokkas
  2 ball pythons
  4 bats
  5 frilled lizards
  A jackal zombie (D:6)
  7 rats
  A butterfly (D:2)
255 creatures vanquished.

Vanquished Creatures (others)
  4 slaves (D:9)
  An orc wizard (D:9)
  A worker ant (D:9)
  A shadow imp (D:9)
  2 orcs (D:9)
  A quokka (D:7)
10 creatures vanquished.

Grand Total: 265 creatures vanquished

Notes
Turn   | Place    | Note
-------+----------+-------------------------------------------
     0 | D:1      | Hercules1031 the Gnoll Fighter began the quest for the Orb.
     0 | D:1      | Reached XP level 1. HP: 23/23 MP: 1/1
    46 | D:1      | Gained mutation: Your muscles are strong. (Str +2) [potion of mutation]
    46 | D:1      | Gained mutation: You occasionally shout uncontrollably at your foes. [potion of mutation]
    46 | D:1      | Gained mutation: Your system is resistant to poisons. (rPois) [potion of mutation]
    46 | D:1      | Gained mutation: You are partially covered in yellow scales. (AC +2) [potion of mutation]
   642 | D:1      | Reached XP level 2. HP: 29/29 MP: 2/2
  1304 | D:2      | Reached XP level 3. HP: 31/35 MP: 3/3
  1393 | D:2      | Reached skill level 1 in Invocations
  1395 | D:2      | Found a shimmering altar of Xom.
  1610 | D:2      | Reached skill level 1 in Short Blades
  1610 | D:2      | Reached skill level 1 in Long Blades
  1610 | D:2      | Reached skill level 1 in Maces & Flails
  1610 | D:2      | Reached skill level 1 in Polearms
  1610 | D:2      | Reached skill level 1 in Staves
  1610 | D:2      | Reached skill level 1 in Slings
  1610 | D:2      | Reached skill level 1 in Bows
  1610 | D:2      | Reached skill level 1 in Crossbows
  1610 | D:2      | Reached skill level 1 in Throwing
  1610 | D:2      | Reached skill level 1 in Dodging
  1610 | D:2      | Reached skill level 1 in Stealth
  1610 | D:2      | Reached skill level 1 in Unarmed Combat
  1610 | D:2      | Reached skill level 1 in Spellcasting
  1610 | D:2      | Reached skill level 1 in Evocations
  1678 | D:2      | Reached XP level 4. HP: 31/41 MP: 5/5
  1878 | D:2      | Found a glowing golden altar of the Shining One.
  2289 | D:3      | Reached skill level 1 in Conjurations
  2289 | D:3      | Reached skill level 1 in Hexes
  2289 | D:3      | Reached skill level 1 in Charms
  2289 | D:3      | Reached skill level 1 in Summonings
  2289 | D:3      | Reached skill level 1 in Necromancy
  2289 | D:3      | Reached skill level 1 in Translocations
  2289 | D:3      | Reached skill level 1 in Transmutations
  2289 | D:3      | Reached skill level 1 in Fire Magic
  2289 | D:3      | Reached skill level 1 in Ice Magic
  2289 | D:3      | Reached skill level 1 in Air Magic
  2289 | D:3      | Reached skill level 1 in Earth Magic
  2289 | D:3      | Reached skill level 1 in Poison Magic
  2389 | D:3      | Lost mutation: Your system is resistant to poisons. (rPois) [potion of mutation]
  2389 | D:3      | Lost mutation: Your muscles are strong. (Str +2) [potion of mutation]
  2389 | D:3      | Lost mutation: You are partially covered in yellow scales. (AC +2) [potion of mutation]
  2389 | D:3      | Gained mutation: Your movements are slightly less encumbered by armour. (ER -2) [potion of mutation]
  2389 | D:3      | Gained mutation: You are partially covered in rugged brown scales. (AC +1, +3% HP) [potion of mutation]
  2437 | D:3      | Found a sacrificial altar of Ru.
  2724 | D:3      | Reached XP level 5. HP: 48/48 MP: 6/6
  2946 | D:4      | Noticed Robin
  2954 | D:4      | Killed Robin
  2989 | D:4      | Noticed Blork the orc
  2990 | D:4      | Noticed Sigmund
  3012 | D:4      | Killed Blork the orc
  3021 | D:4      | Killed Sigmund
  3021 | D:4      | Reached skill level 5 in Axes
  3021 | D:4      | Reached XP level 6. HP: 50/54 MP: 7/9
  3108 | D:4      | Found a white marble altar of Elyvilon.
  3555 | D:4      | Reached XP level 7. HP: 56/60 MP: 10/10
  3707 | D:5      | Entered Level 5 of the Dungeon
  3849 | D:5      | Reached XP level 8. HP: 39/69 MP: 12/12
  4398 | D:5      | Found a blossoming altar of Fedhas.
  4787 | D:6      | Noticed Menkaure
  4795 | D:6      | Killed Menkaure
  5760 | D:6      | Reached XP level 9. HP: 74/74 MP: 14/14
  5961 | D:7      | Noticed a two-headed ogre
  5972 | D:7      | Killed a two-headed ogre
  6282 | D:7      | Found an iron altar of Okawaru.
  6306 | D:7      | Reached skill level 5 in Invocations
  6619 | D:7      | Found a staircase to the Ecumenical Temple.
  6628 | Temple   | Entered the Ecumenical Temple
  6644 | Temple   | Became a worshipper of Ashenzari the Shackled
  6850 | D:8      | Noticed a troll
  6863 | D:8      | Killed a troll
  6863 | D:8      | Reached XP level 10. HP: 49/82 MP: 4/17
  7162 | D:8      | Noticed Prince Ribbit
  7170 | D:8      | Killed Prince Ribbit
  7286 | D:8      | Noticed Maurice
  7303 | D:8      | Killed Maurice
  7303 | D:8      | Reached skill level 5 in Short Blades
  7303 | D:8      | Reached skill level 5 in Long Blades
  7303 | D:8      | Reached skill level 5 in Maces & Flails
  7303 | D:8      | Reached skill level 5 in Polearms
  7303 | D:8      | Reached skill level 5 in Staves
  7303 | D:8      | Reached skill level 5 in Slings
  7303 | D:8      | Reached skill level 5 in Bows
  7303 | D:8      | Reached skill level 5 in Crossbows
  7303 | D:8      | Reached skill level 5 in Throwing
  7303 | D:8      | Reached skill level 5 in Dodging
  7303 | D:8      | Reached skill level 5 in Stealth
  7303 | D:8      | Reached skill level 5 in Unarmed Combat
  7303 | D:8      | Reached skill level 5 in Spellcasting
  7303 | D:8      | Reached skill level 5 in Evocations
  7401 | D:8      | Noticed Grum
  7430 | D:8      | Killed Grum
  7745 | D:8      | Noticed a two-headed ogre
  7758 | D:8      | Killed a two-headed ogre
  7781 | D:8      | Noticed a kobold demonologist
  7798 | D:8      | Noticed a smoke demon
  7799 | D:8      | Killed a kobold demonologist
  7822 | D:8      | Noticed a fire giant
  7840 | D:8      | Killed a fire giant
  7840 | D:8      | Reached XP level 11. HP: 54/89 MP: 6/19
  8119 | D:8      | Identified Ucrakil's Reference Book on Venom and the Frostbite
  8662 | D:8      | Learned a level 1 spell: Sting
  8664 | D:8      | Learned a level 1 spell: Freeze
  8669 | D:8      | Learned a level 4 spell: Summon Ice Beast
  8676 | D:8      | Learned a level 6 spell: Bolt of Cold
  8780 | D:9      | Noticed Pikel
  8807 | D:9      | Killed Pikel
  8807 | D:9      | Reached skill level 5 in Conjurations
  8807 | D:9      | Reached skill level 5 in Hexes
  8807 | D:9      | Reached skill level 5 in Charms
  8807 | D:9      | Reached skill level 5 in Summonings
  8807 | D:9      | Reached skill level 5 in Necromancy
  8807 | D:9      | Reached skill level 5 in Translocations
  8807 | D:9      | Reached skill level 5 in Transmutations
  8807 | D:9      | Reached skill level 5 in Fire Magic
  8807 | D:9      | Reached skill level 5 in Ice Magic
  8807 | D:9      | Reached skill level 5 in Air Magic
  8807 | D:9      | Reached skill level 5 in Earth Magic
  8807 | D:9      | Reached skill level 5 in Poison Magic
  8840 | D:9      | Found a staircase to the Lair.
  8841 | D:9      | Noticed a death yak
  8848 | D:9      | Noticed a death yak
  8849 | D:9      | Noticed a death yak
  9156 | D:9      | Noticed a deep elf mage
  9161 | D:9      | Killed a deep elf mage
  9585 | D:9      | Found Judoekihe's Antique Weapon Shop.
  9599 | D:9      | Bought an ancient mace for 240 gold pieces
  9599 | D:9      | Identified the cursed +3 mace of the Red Skies {venom, rElec rF+ Dex+6} (You bought it in a shop on level 9 of the Dungeon)
 10099 | D:9      | Reached * piety under Ashenzari
 10165 | D:9      | Learned a level 1 spell: Magic Dart
 10168 | D:9      | Learned a level 2 spell: Blink
 10308 | D:9      | Noticed a deep elf mage
 10320 | D:9      | Killed a deep elf mage
 10356 | D:9      | Killed a death yak
 10371 | D:9      | Killed a death yak
 10380 | D:9      | Killed a death yak
 10702 | D:9      | Found a snail-covered altar of Cheibriados.
 10710 | D:9      | Found a burning altar of Makhleb.
 10711 | D:9      | Found a radiant altar of Vehumet.
 10711 | D:9      | Found a hide-covered altar of Uskayaw.
 10712 | D:9      | Found a blossoming altar of Fedhas.
 10713 | D:9      | Found a sparkling altar of Nemelex Xobeh.
 10714 | D:9      | Found an ornate altar of the Wu Jian Council.
 10715 | D:9      | Found an ancient bone altar of Kikubaaqudgha.
 10716 | D:9      | Found an opulent altar of Gozag.
 10825 | D:9      | Mangled by a large slime creature

Skill      XL: |  1  2  3  4  5  6  7  8  9 10 11 |
---------------+----------------------------------+-----
Invocations    | 1 2 3 4 5 6 7 |  7.3
Short Blades   | 1 2 3 4 5 6 |  6.6
Long Blades    | 1 2 3 4 5 6 |  6.6
Maces & Flails | 1 2 3 4 5 6 |  6.6
Polearms       | 1 2 3 4 5 6 |  6.6
Staves         | 1 2 3 4 5 6 |  6.6
Slings         | 1 2 3 4 5 6 |  6.6
Bows           | 1 2 3 4 5 6 |  6.6
Crossbows      | 1 2 3 4 5 6 |  6.6
Throwing       | 1 2 3 4 5 6 |  6.6
Dodging        | 1 2 3 4 5 6 |  6.6
Stealth        | 1 2 3 4 5 6 |  6.6
Unarmed Combat | 1 2 3 4 5 6 |  6.6
Spellcasting   | 1 2 3 4 5 6 |  6.6
Evocations     | 1 2 3 4 5 6 |  6.6
Conjurations   | 1 2 3 4 5 |  5.5
Hexes          | 1 2 3 4 5 |  5.5
Charms         | 1 2 3 4 5 |  5.5
Summonings     | 1 2 3 4 5 |  5.5
Necromancy     | 1 2 3 4 5 |  5.5
Translocations | 1 2 3 4 5 |  5.5
Transmutations | 1 2 3 4 5 |  5.5
Fire Magic     | 1 2 3 4 5 |  5.5
Ice Magic      | 1 2 3 4 5 |  5.5
Air Magic      | 1 2 3 4 5 |  5.5
Earth Magic    | 1 2 3 4 5 |  5.5
Poison Magic   | 1 2 3 4 5 |  5.5
Axes           | 5 6 7 8 |  8.1
Fighting       | 7 8 9 |  9.4
Armour         | 7 8 9 |  9.4
Shields        | 7 8 9 |  9.4

Action                   |  1- 3 |  4- 6 |  7- 9 | 10-12 || total
-------------------------+-------+-------+-------+-------++-------
Melee: War axe           |   102 |    32 |       |       ||   134
       Bite              |    11 |    19 |    51 |    92 ||   173
       Whip              |       |   107 |   270 |       ||   377
       Mace              |       |       |   132 |   565 ||   697
Invok: Curse Item        |       |       |     4 |       ||     4
  Use: Potion            |     3 |     1 |     9 |    13 ||    26
       Scroll            |     1 |     7 |     6 |     4 ||    18
 Stab: Paralysed         |       |     1 |       |       ||     1
       Sleeping          |       |       |       |     2 ||     2
  Eat: Ration            |     1 |     2 |     4 |     6 ||    13
       Chunk             |       |       |     2 |       ||     2
Armor: Scale mail        |    30 |    45 |   230 |   225 ||   530
       Chain mail        |       |    18 |       |       ||    18
       Plate armour      |       |       |       |    50 ||    50
Dodge: Dodged            |    24 |    52 |   206 |   321 ||   603
Block: Shield            |    55 |    86 |   269 |   440 ||   850
